 Dungeon Crawl Stone Soup version 0.31-a0-1395-g7c67ea8c80 (webtiles) character file.

Game seed: 6216843669200398680

252 Gargoyl the Chopper (level 6, -1/39 HPs)
             Began as a Gargoyle Berserker on Dec 25, 2023.
             Was a Believer of Trog.
             Incinerated by a bombardier beetle (8 damage)
             ... with a burning spray
             ... on level 4 of the Dungeon.
             The game lasted 00:03:56 (2410 turns).

Gargoyl the Chopper (Gargoyle Berserker)            Turns: 2410, Time: 00:03:56

Health: -1/39      AC: 12    Str: 20    XL:     6   Next: 14%
Magic:  6/6        EV: 10    Int:  8    God:    Trog [**....]
Gold:   119        SH:  0    Dex: 11    Spells: 5/5 levels left

rFire   . . .        h - +0 war axe
rCold   + . .        (no shield)
rNeg    + . .        s - +1 scale mail {Will+}
rPois   ∞            (no helmet)
rElec   +            (no cloak)
rCorr   .            (no gloves)
SInv    .            (no boots)
Will    +++..        m - amulet of regeneration Stlth
                     o - ring of protection from cold
HPRegen 2.06/turn    (no ring)
MPRegen 0.10/turn

%: no passive effects
@: on fire, strong-willed, on berserk cooldown, regenerating, slowed, glowing,
very slow
A: sickness immunity, AC +4, negative energy resistance 1, electricity
resistance, torment resistance 1, petrification resistance
a: Renounce Religion, Berserk, Trog's Hand


You were on level 4 of the Dungeon.
You worshipped Trog.
Trog was pleased with you.
You visited 1 branch of the dungeon, and saw 4 of its levels.

You collected 119 gold pieces.

Inventory:

Hand Weapons
 a - a +0 hand axe
 h - a +0 war axe (weapon)
Missiles
 f - 4 poisoned darts (quivered)
Armour
 s - a +1 scale mail of willpower (worn)
Jewellery
 m - an amulet of regeneration (around neck)
 o - a ring of protection from cold (left hand)
Wands
 q - a wand of roots (1)
Scrolls
 n - a scroll of vulnerability {unknown}
 p - a scroll of revelation {unknown}
Potions
 c - a potion of berserk rage
 e - 4 potions of curing {unknown}
 g - 3 potions of degeneration {unknown}
 i - 3 potions of enlightenment {unknown}
 j - a potion of ambrosia {unknown}
 k - a potion of attraction {unknown}
 l - a potion of mutation {unknown}
 r - 2 potions of magic {unknown}


   Skills:
 + Level 4.7 Fighting
 + Level 4.7 Axes
 + Level 2.4 Armour
 + Level 2.2 Dodging
 + Level 1.4 Stealth


You had 5 spell levels left.
You didn't know any spells.
Your spell library was empty.

Dungeon Overview and Level Annotations

Branches:
Dungeon (4/15)             Temple (0/1) D:4

Altars:
Nemelex Xobeh
Trog
Uskayaw
Vehumet
Wu Jian

Shops:
D:1 [


Innate Abilities, Weirdness & Mutations

You are immune to sickness and miasma.
Your stone body is resilient. (AC +4)
You are immune to poison.
You resist negative energy. (rN+)
You are resistant to electric shocks. (rElec)
You are resistant to unholy torment.
You are immune to petrification.


Message History

The goblin completely misses you.
You hit the bombardier beetle.
The bombardier beetle is almost dead.
You hit the goblin.
You kill the goblin!
Trog accepts your kill.
You barely miss the adder. The liquid fire burns you!
The adder completely misses you. The adder barely misses you.
The bombardier beetle sprays incendiary fluid at you.
The burning spray hits you.
You are even more covered in liquid fire!
The adder bites you but does no damage.
You hit the bombardier beetle.
You kill the bombardier beetle!
Trog accepts your kill.
You closely miss the adder. The liquid fire burns you!
The adder closely misses you. The adder bites you but does no damage.
You have reached level 6!
You hit the adder.
The adder is lightly wounded.
The liquid fire burns you! The adder closely misses you.
The adder barely misses you.
You barely miss the adder.
The adder is lightly wounded.
The liquid fire burns you!
* * * LOW HITPOINT WARNING * * *
The adder bites you but does no damage. The adder closely misses you.
The adder barely misses you.
You miss the adder.
The adder is lightly wounded.
The liquid fire burns you!
* * * LOW HITPOINT WARNING * * *
The adder closely misses you. The adder barely misses you.
The adder bites you but does no damage.
You barely miss the adder.
The adder is lightly wounded.
The liquid fire burns you!
You die...

..._#......###...###.#
#.....##......# ###.###..
#8...8 #......# #.##... ##_##
#......#####.....#
#######.................
#..##.......#####.#...#
###......##.#.# #.....#
#.............#######....
.......#....)@†.......####....
...=.###....S...[..........<.^
g... #.........<..##...[)..#
... #..........#........... ..
#...................... .
.##......................
.......................#.
.>.......................
.....#................###


You could see an adder.

Vanquished Creatures
  A phantom (D:4)
  A bombardier beetle (D:4)
  A hound (D:4)
  An orc wizard (D:4)
  2 adders
  2 worms
  A dart slug (D:3)
  7 orcs
  5 ball pythons
  5 bats
  8 endoplasms
  2 giant cockroaches (D:1)
  6 hobgoblins
  3 kobolds
  3 quokkas
  5 frilled lizards
  7 goblins
  5 rats
65 creatures vanquished.

Notes
Turn   | Place    | Note
-------+----------+-------------------------------------------
     0 | D:1      | Gargoyl the Gargoyle Berserker began the quest for the Orb.
     0 | D:1      | Reached XP level 1. HP: 14/14 MP: 1/1
    41 | D:1      | Found a faded altar of an unknown god.
    97 | D:1      | Reached XP level 2. HP: 14/19 MP: 2/2
   570 | D:1      | Reached XP level 3. HP: 24/24 MP: 3/3
   601 | D:1      | Found Celaut's Armour Boutique.
   731 | D:1      | Reached ** piety under Trog
  1756 | D:3      | Reached XP level 4. HP: 5/29 MP: 4/4
  2298 | D:4      | Found a hide-covered altar of Uskayaw.
  2302 | D:4      | Found an ornate altar of the Wu Jian Council.
  2330 | D:4      | Found a bloodstained altar of Trog.
  2374 | D:4      | Noticed a phantom
  2378 | D:4      | Reached XP level 5. HP: 33/34 MP: 5/5
  2392 | D:4      | Found a staircase to the Ecumenical Temple.
  2396 | D:4      | Found a radiant altar of Vehumet.
  2397 | D:4      | Found a sparkling altar of Nemelex Xobeh.
  2399 | D:4      | Killed a phantom
  2400 | D:4      | Reached skill level 1 in Stealth
  2407 | D:4      | Reached XP level 6. HP: 24/39 MP: 6/6
  2410 | D:4      | Incinerated by a bombardier beetle

Illustrated notes

Levels and vault maps discovered:
D:1:      lemuel_arrival_rhombus, layout_basic, ebering_ecumenical_altar_rust,
          serial_shops, shop
D:2:      layout_loops_ring
D:3:      layout_loops_ring
D:4:      layout_rooms, mainiacjoe_overflow_tiny_flanked,
          nicolae_overflow_hidden_temple, mainiacjoe_overflow_big_doors,
          minmay_temple_entry_drinking_statues

Skill      XL: |  1  2  3  4  5 |
---------------+----------------+-----
Axes           | 3 4 |  4.7
Fighting       | 4 |  4.7
Dodging        | 2 |  2.2
Stealth        | 1 |  1.4
Armour         | |  2.4

Action                     |  1- 3 |  4- 6 || total
---------------------------+-------+-------++-------
  Melee: Hand axe          |   139 |     1 ||   140
         Punch             |     2 |       ||     2
         War axe           |       |    51 ||    51
 Invoke: Berserk           |     1 |     2 ||     3
         Trog's Hand       |       |     3 ||     3
    Use: Scroll            |     2 |       ||     2
         Potion            |       |     2 ||     2
   Stab: Sleeping          |       |     2 ||     2
 Armour: Animal skin       |   105 |    13 ||   118
         Scale mail        |       |    29 ||    29
  Dodge: Dodged            |   121 |    40 ||   161

Table legend: (Time is in decaauts)
 A = Elapsed time spent in this place.
 B = Non-inter-level travel time spent in this place.
 C = Inter-level travel time spent in this place.
 D = Time resting spent in this place.
 E = Time spent auto-exploring this place.
 F = Levels seen in this place.
 G = Mean time per level.
                   A        B        C        D        E       F      G
               +--------+--------+--------+--------+--------+-----+--------+
         Total |   2468 |   2409 |     59 |      0 |   1755 |   4 |  617.0 |
       Dungeon |   2468 |   2409 |     59 |      0 |   1755 |   4 |  617.0 |
               +--------+--------+--------+--------+--------+-----+--------+

Top non-repeatable levels by time:
     D:1: 809 daAuts
     D:3: 808 daAuts
     D:2: 663 daAuts
     D:4: 187 daAuts
